 Dungeon Crawl Stone Soup version 0.24.0-123-gd5b16e6ec5 (webtiles) character file.

Game seed: 13462295943836003323, levelgen mode: deterministic

11426 Delamore the Executioner (level 11, -11/84 HPs)
             Began as a Hill Orc Fighter on Dec 23, 2019.
             Was a High Priest of Okawaru.
             Mangled by a two-headed ogre
             ... wielding a +0 giant club
              (20 damage)
             ... on level 10 of the Dungeon.
             The game lasted 00:15:17 (11713 turns).

Delamore the Executioner (Hill Orc Fighter)        Turns: 11713, Time: 00:15:17

Health: -11/84     AC: 14    Str: 23    XL:     11   Next: 77%
Magic:  11/11      EV:  4    Int:  8    God:    Okawaru [*****.]
Gold:   544        SH:  9    Dex: 13    Spells: 10/10 levels left

rFire    . . .     SeeInvis +   a - +11 whip "Sodacuext" {venom, rElec Dex+3}
rCold    . . .     Gourm    +   c - +0 shield
rNeg     . . .     Faith    .   E - +0 plate armour
rPois    .         Spirit   .   L - +0 hat
rElec    +         Reflect  .   u - +0 cloak
rCorr    .         Harm     .   (no gloves)
MR       +....                  i - +1 pair of boots
Stlth    ..........             D - amulet of the gourmand
HPRegen  0.24/turn              j - ring of protection from magic
MPRegen  0.12/turn              z - ring of see invisible

@: no status effects
A: no striking features
a: Heroism, Finesse, Renounce Religion


You were on level 10 of the Dungeon.
You worshipped Okawaru.
Okawaru was extremely pleased with you.
You were very full.

You visited 3 branches of the dungeon, and saw 12 of its levels.

You collected 596 gold pieces.
You spent 52 gold pieces at shops.

Inventory:

Hand Weapons
 a - the +11 whip "Sodacuext" (weapon) {venom, rElec Dex+3}
   (You took it off a kobold on level 3 of the Dungeon)

   It poisons the flesh of those it strikes.
   It affects your dexterity (+3).
   It insulates you from electricity.
 w - a +0 hand axe of flaming
 A - a +0 war axe of freezing
Armour
 c - a +0 shield (worn)
 i - a +1 pair of boots (worn)
 u - a +0 cloak (worn)
 E - a +0 plate armour (worn)
 L - a +0 hat (worn)
Jewellery
 j - a ring of protection from magic (left hand)
 x - an uncursed ring of stealth
 z - a ring of see invisible (right hand)
 D - an amulet of the gourmand (around neck)
 G - an uncursed ring of ice
 M - a cursed ring of teleportation {unknown}
Wands
 d - a wand of enslavement (10)
 F - a wand of iceblast (3)
 J - a wand of polymorph (15)
 K - a wand of flame (28)
 N - a wand of disintegration (4)
Scrolls
 g - 3 scrolls of amnesia
 l - a scroll of magic mapping
 m - 3 scrolls of fog
 q - 3 scrolls of teleportation
 t - 5 scrolls of remove curse
 v - 2 scrolls of random uselessness {unknown}
 y - a scroll of fear {unknown}
 B - 3 scrolls of enchant armour
 H - a scroll of immolation {unknown}
 O - a scroll of holy word {unknown}
 Q - 3 scrolls of identify {unknown}
Potions
 e - 2 potions of magic
 h - 5 potions of curing {unknown}
 k - a potion of mutation {unknown}
 n - 3 potions of cancellation
 o - a potion of heal wounds
 p - 3 potions of ambrosia {unknown}
 r - 4 potions of brilliance {unknown}
 s - 5 potions of flight
 C - 2 potions of haste {unknown}
 I - a potion of resistance {unknown}
 R - a potion of degeneration {unknown}
 S - a potion of berserk rage {unknown}
Comestibles
 f - 16 rations


   Skills:
 * Level 4.0 Fighting
 - Level 21.1 Axes
 - Level 3.2 Armour
 - Level 3.2 Shields
 * Level 1.1 Evocations


You had 10 spell levels left.
You didn't know any spells.
Your spell library contained the following spells:

 Spells                   Type           Power        Failure   Level  Hunger
 Beastly Appendage        Tmut           #.....       100%        1    ##.....
 Corona                   Hex            #......      100%        1    ##.....
 Magic Dart               Conj           #...         100%        1    ##.....
 Shock                    Conj/Air       #...         100%        1    ##.....
 Ensorcelled Hibernation  Hex/Ice        #.....       100%        2    ###....
 Searing Ray              Conj           #.....       100%        2    ###....
 Sticks to Snakes         Tmut           #.......     100%        2    ###....
 Swiftness                Chrm/Air       #.......     100%        2    ###....
 Confuse                  Hex            #.......     100%        3    ####...
 Dazzling Spray           Conj/Hex       #.....       100%        3    ####...
 Spider Form              Tmut/Pois      #.........   100%        3    ####...
 Static Discharge         Conj/Air       #.......     100%        3    ####...
 Tukima's Dance           Hex            #.......     100%        3    ####...
 Airstrike                Air            #.........   100%        4    #####..
 Force Lance              Conj/Tloc      #.......     100%        4    #####..
 Fulminant Prism          Conj/Hex       #.........   100%        4    #####..
 Ice Form                 Ice/Tmut       #.......     100%        4    #####..
 Iskenderun's Mystic Bla  Conj           #.......     100%        4    #####..
 Blade Hands              Tmut           #.........   100%        5    ######.
 Lightning Bolt           Conj/Air       #.........   100%        5    ######.


Dungeon Overview and Level Annotations

Branches:
Dungeon (10/15)            Temple (1/1) D:4            Lair (0/6) D:10
    Orc (1/2) D:10

Altars:
Ashenzari
Cheibriados
Dithmenos
Elyvilon
Fedhas
Gozag
Hepliaklqana
Kikubaaqudgha
Makhleb
Nemelex Xobeh
Okawaru
Qazlal
Ru
Sif Muna
Trog
Uskayaw
Vehumet
Wu Jian
Xom
Yredelemnul
Zin
The Shining One

Shops:
D:8 *   D:9 [

Annotations:
D:9 3 runed translucent doors, exclusion: obsidian statue, Delamore's ghost, journeyman HOFi


Message History

The orc warrior hits you but does no damage.
The orc knight roars a battlecry!
The orc warriors go into a battle-frenzy!
The two-headed ogre hits you with a +0 giant club!
The two-headed ogre hits you with a +0 giant club.
* * * LOW HITPOINT WARNING * * *
You hit the orc warrior.
The orc warrior looks as sick as possible!
The orc warrior is heavily wounded.
You block the orc warrior's attack.
Unknown command.
You hit the orc warrior.
The orc warrior looks as sick as possible!
The orc warrior is almost dead.
The orc knight hits you with a +0 great mace!
* * * LOW HITPOINT WARNING * * *
The orc warrior hits you with a +0 long sword.
* * * LOW HITPOINT WARNING * * *
The two-headed ogre hits you with a +0 giant club!!
You die...

###....##.#.###..#####....# #..#
#.).###....#.#.....#..#...# #..#
#.######..##..##.##.##..######..#
#.# #.......##.[#...##.## #....#
#.# ##..###..)#.#.#.....#####<##
#.####.#####.##.)..#..#....# #.#
.....##.#.#.#.#.).#..##.#.####.##
#.#####..##....oo##.#.#.#.# #....
#.# ##..#..#..@.#..#.##.# #.###
#.#####..##..#.#oO..##.##.# #.#
#....####......#.#..#.#.#.###.#
..†..##...#..###......#.###..)#
.######.#..#.#.##.#...###..#..#
.# #..###....###......###..# ##
##..######.####.##.# ##.#
########.## ####### ###### #.#
.........# #.# #.# #####.#


You could see an orc knight, a two-headed ogre and 2 orc warriors.

Vanquished Creatures
  Erica (D:9)
  A two-headed ogre (D:10)
  2 unseen horrors (D:10)
  A deep elf mage (D:6)
  Maurice (D:9)
  Psyche (D:9)
  Sigmund (D:3)
  A wraith (D:10)
  A wyvern (D:9)
  A basilisk (D:10)
  3 hungry ghosts (D:10)
  4 yaks (D:10)
  A warg (Orc:1)
  2 porcupines (D:10)
  3 hell hounds (D:10)
  2 sky beasts
  An ice beast (D:7)
  6 orc warriors
  A phantom (D:8)
  A necrophage (D:10)
  9 ogres
  6 centaurs
  3 crocodiles (D:10)
  5 bullfrogs
  3 scorpions (D:10)
  The ghost of FishyPogo the Charmwright, a weakling GnSk (D:3)
  A troll zombie (D:10)
  8 killer bees
  7 wights (D:8)
  2 howler monkeys
  5 crimson imps
  2 centaur zombies (D:10)
  A quasit (D:8)
  2 bullfrog skeletons
  3 centaur skeletons
  2 jellies
  11 orc wizards
  4 orc priests
  A hound (D:9)
  Crazy Yiuf (D:2)
  A gnoll shaman (D:5)
  Terence (D:3)
  Jessica (D:3)
  3 iguanas
  Natasha (twice) (D:3)
  6 worker ants
  A killer bee zombie (D:8)
  5 ogre zombies (D:10)
  A howler monkey skeleton (D:9)
  7 gnolls
  19 adders
  3 shadow imps
  2 oozes
  2 adder skeletons
  5 worms
  2 dart slugs
  8 leopard geckos
  42 orcs
  5 bats
  3 giant cockroaches
  3 hobgoblins
  17 jackals
  A quokka (D:5)
  A ball python (D:3)
  16 frilled lizards
  3 goblins
  2 goblin skeletons (D:10)
  A hobgoblin zombie (D:10)
  A jackal skeleton (D:8)
  16 kobolds
  A leopard gecko skeleton (D:5)
  2 orc skeletons (D:10)
  14 orc zombies (D:10)
  A quokka zombie (D:8)
  5 rats
315 creatures vanquished.

Vanquished Creatures (others)
  4 bushes (D:10)
  2 fungi
  17 plants (D:10)
23 creatures vanquished.

Grand Total: 338 creatures vanquished

Notes
Turn   | Place    | Note
-------+----------+-------------------------------------------
     0 | D:1      | Delamore the Hill Orc Fighter began the quest for the Orb.
     0 | D:1      | Reached XP level 1. HP: 19/19 MP: 1/1
   214 | D:1      | Reached skill level 3 in Axes
   227 | D:1      | Reached XP level 2. HP: 22/26 MP: 2/2
   381 | D:1      | Reached skill level 4 in Axes
   810 | D:2      | Reached XP level 3. HP: 16/31 MP: 3/3
  1103 | D:2      | Reached skill level 5 in Axes
  1191 | D:2      | Reached XP level 4. HP: 38/39 MP: 4/4
  1407 | D:2      | Found a runed translucent door.
  1408 | D:2      | Noticed Crazy Yiuf
  1414 | D:2      | Paralysed by Crazy Yiuf for 2 turns
  1418 | D:2      | Killed Crazy Yiuf
  1418 | D:2      | Reached skill level 6 in Axes
  1494 | D:3      | Reached XP level 5. HP: 15/45 MP: 5/5
  1738 | D:3      | Reached skill level 7 in Axes
  1862 | D:3      | Noticed an ogre
  2034 | D:3      | Killed an ogre
  2096 | D:3      | Reached skill level 8 in Axes
  2098 | D:3      | Reached XP level 6. HP: 32/51 MP: 6/6
  2098 | D:3      | Noticed Terence
  2119 | D:3      | Killed Terence
  2185 | D:3      | Noticed Natasha
  2194 | D:3      | Killed Natasha
  2418 | D:3      | Reached skill level 9 in Axes
  2533 | D:3      | Noticed Natasha
  2533 | D:3      | Noticed Sigmund
  2538 | D:3      | Killed Natasha
  2565 | D:3      | Killed Sigmund
  2565 | D:3      | Reached skill level 10 in Axes
  2565 | D:3      | Reached XP level 7. HP: 42/57 MP: 7/7
  2681 | D:3      | Noticed Jessica
  2682 | D:3      | Found a runed translucent gate.
  2682 | D:3      | Found a runed translucent gate.
  2682 | D:3      | Found a runed translucent gate.
  2682 | D:3      | Identified the +11 whip "Sodacuext" {venom, rElec Dex+3}
  2683 | D:3      | Noticed FishyPogo's ghost (weakling GnSk)
  2686 | D:3      | Killed Jessica
  2764 | D:3      | Killed FishyPogo's ghost
  3392 | D:4      | Found a staircase to the Ecumenical Temple.
  3406 | Temple   | Entered the Ecumenical Temple
  3531 | Temple   | Became a worshipper of Warmaster Okawaru
  3705 | D:5      | Entered Level 5 of the Dungeon
  3719 | D:5      | Reached skill level 11 in Axes
  4040 | D:5      | Reached XP level 8. HP: 64/64 MP: 8/8
  4581 | D:5      | You fall into a shaft and drop 2 floors!
  4774 | D:6      | Reached skill level 12 in Axes
  4972 | D:5      | Reached * piety under Okawaru
  4980 | D:6      | Reached skill level 13 in Axes
  5533 | D:6      | Noticed a deep elf mage
  5538 | D:6      | Noticed a redback
  5538 | D:6      | Noticed a jumping spider
  5744 | D:6      | Noticed an ice devil
  5746 | D:6      | Noticed a hellwing
  5748 | D:6      | Noticed a rust devil
  5749 | D:6      | Killed a deep elf mage
  5749 | D:6      | Reached ** piety under Okawaru
  5749 | D:6      | Reached skill level 14 in Axes
  5749 | D:6      | Reached XP level 9. HP: 22/70 MP: 9/9
  6338 | D:7      | Reached skill level 15 in Axes
  6974 | D:8      | Reached skill level 16 in Axes
  7338 | D:8      | Reached *** piety under Okawaru
  7379 | D:8      | Found an opulent altar of Gozag.
  7379 | D:8      | Found a blossoming altar of Fedhas.
  7380 | D:8      | Found a basalt altar of Yredelemnul.
  7381 | D:8      | Found a burning altar of Makhleb.
  7470 | D:8      | Found Veqeyhiy's General Store.
  7475 | D:8      | Bought a potion of might for 52 gold pieces
  7583 | D:8      | Reached XP level 10. HP: 77/77 MP: 10/10
  7680 | D:8      | Reached skill level 17 in Axes
  7686 | D:8      | Found an ornate altar of the Wu Jian Council.
  8193 | D:8      | Found a shimmering altar of Xom.
  8194 | D:8      | Found a hazy altar of Hepliaklqana.
  8195 | D:8      | Noticed a spectral ugly thing
  8534 | D:9      | Noticed Maurice
  8548 | D:9      | Killed Maurice
  8548 | D:9      | Reached **** piety under Okawaru
  8569 | D:9      | Noticed Erica
  8586 | D:9      | Killed Erica
  8586 | D:9      | Reached skill level 18 in Axes
  8902 | D:9      | Found a runed translucent gate.
  8902 | D:9      | Found a runed translucent gate.
  8902 | D:9      | Found an opulent altar of Gozag.
  8902 | D:9      | Found a runed translucent gate.
  8902 | D:9      | Noticed an obsidian statue
  8906 | D:9      | Noticed a four-headed hydra
  8906 | D:9      | Noticed Delamore's ghost (journeyman HOFi)
  8906 | D:9      | Noticed a two-headed ogre
  8977 | D:9      | Noticed Psyche
  8986 | D:9      | Killed Psyche
  9162 | D:9      | Found Lolikh's Armour Emporium.
  9286 | D:10     | Entered Level 10 of the Dungeon
  9305 | D:10     | Reached skill level 19 in Axes
  9343 | D:10     | Noticed an unseen horror
  9359 | D:10     | Killed an unseen horror
  9359 | D:10     | Reached ***** piety under Okawaru
  9359 | D:10     | Reached XP level 11. HP: 55/82 MP: 11/11
  9447 | D:10     | Found a staircase to the Orcish Mines.
  9775 | D:10     | Noticed an unseen horror
  9779 | D:10     | Found a staircase to the Lair.
  9795 | D:10     | Reached skill level 20 in Axes
  9798 | D:10     | Killed an unseen horror
  9825 | D:10     | HP: 4/82 [centaur/arrow (9)]
 10374 | D:10     | Noticed a two-headed ogre
 10387 | D:10     | Killed a two-headed ogre
 10472 | D:10     | Received a gift from Okawaru
 10533 | D:10     | Reached skill level 21 in Axes
 10914 | D:10     | Noticed a hell knight
 11414 | Orc:1    | Entered Level 1 of the Orcish Mines
 11446 | Orc:1    | Reached skill level 1 in Evocations
 11457 | Orc:1    | Noticed a two-headed ogre
 11461 | Orc:1    | Noticed an orc knight
 11706 | Orc:1    | HP: 3/84 [orc warrior/+0 long sword[an orc knight] (16)]
 11713 | D:10     | Mangled by a two-headed ogre

Levels and vault maps discovered:
D:1:      lightli_arrival_flooded_house, layout_loops_ring
D:2:      minmay_skewed_foursquare, layout_rooms, first_ration,
          uniq_crazy_yiuf_cottage
D:3:      layout_rooms, gammafunk_ghost_nasty_kobolds, minmay_lizard_king,
          uniq_jessica, uniq_sigmund, uniq_natasha, uniq_terence
D:4:      layout_loops_ring, minmay_temple_entry_large_hall
D:5:      layout_layer_cave
D:6:      layout_gridville, guppyfry_early_elven_hall
D:7:      layout_gridville
D:8:      layout_layer_cave, regret_index_temple_of_mockery,
          grunt_temple_overflow_open, serial_shops,
          nicolae_shop_temple_entry_statues_fountains, grunt_pizzeria
D:9:      layout_cave_pools, serial_shops, shop, ebering_ghost_gozag,
          supply_closet_lemuel, uniq_erica, uniq_psyche, uniq_maurice
D:10:     layout_loops_ring, minmay_lair_entry_grove, zombieorc1_lemuel,
          minmay_rotating_lava
Temple:   regret_index_temple_waves
Orc:1:    layout_caves

Skill      XL: |  1  2  3  4  5  6  7  8  9 10 11 |
---------------+----------------------------------+-----
Axes           | 3 4 5 6 8 10 11 14 16 19 21 | 21.1
Fighting       | 4 |  4.0
Evocations     | 1 |  1.1
Armour         | |  3.2
Shields        | |  3.2

Action                   |  1- 3 |  4- 6 |  7- 9 | 10-12 || total
-------------------------+-------+-------+-------+-------++-------
Melee: War axe           |   101 |    24 |       |       ||   125
       Hand axe          |       |   160 |    57 |       ||   217
       Whip              |       |       |   298 |   426 ||   724
Throw: Javelin           |       |       |       |     8 ||     8
Evoke: Wand              |       |       |       |    13 ||    13
  Use: Potion            |       |     3 |     3 |     4 ||    10
       Scroll            |       |       |     8 |       ||     8
  Eat: Chunk             |     1 |     5 |    25 |    16 ||    47
       Ration            |       |       |       |     3 ||     3
Armor: Scale mail        |    62 |    52 |    44 |       ||   158
       Plate armour      |       |       |    82 |   149 ||   231
Dodge: Dodged            |    31 |    30 |    45 |    33 ||   139
Block: Shield            |    58 |    72 |   131 |   125 ||   386
